 Dungeon Crawl Stone Soup version 0.30-a0-830-gfe289a77b0 (webtiles) character file.

Game seed: 14117490481136866440

63 cforsyth the Sneak (level 4, -2/28 HPs)
             Began as a Kobold Brigand on Feb 28, 2023.
             Slain by an adder (4 damage)
             ... in a sewer.
             The game lasted 00:02:21 (1386 turns).

cforsyth the Sneak (Kobold Brigand)                 Turns: 1386, Time: 00:02:22

Health: -2/28      AC:  3    Str:  6 (8)  XL:     4   Next: 31%
Magic:  4/4        EV: 15    Int:  9 (12) God:
Gold:   77         SH:  0    Dex: 16 (18) Spells: 3/3 levels left

rFire   . . .      SeeInvis .    a - +2 dagger
rCold   . . .      Faith    .    (no shield)
rNeg    . . .      Spirit   .    b - +0 robe
rPois   .          Reflect  .    (no helmet)
rElec   .          Harm     .    c - +0 cloak
rCorr   .          Rampage  .    (no gloves)
Will    .....                    (no boots)
Stlth   ++++                     (no amulet)
HPRegen 0.24/turn                (no ring)
MPRegen 0.09/turn                (no ring)

@: lethally poisoned (-2 -> -3)
A: small, no large weapons, nightstalker 3
a: no special abilities


You were in a sewer.
You visited 1 branch of the dungeon, and saw 3 of its levels.
You also visited: Sewer.

You collected 77 gold pieces.

Inventory:

Hand Weapons
 a - a +2 dagger (weapon)
Missiles
 d - 9 poisoned darts (quivered)
 e - 3 curare-tipped darts
Armour
 b - a +0 robe (worn)
 c - a +0 cloak (worn)
Potions
 h - 2 potions of mutation
 n - a potion of degeneration


   Skills:
 + Level 3.0 Fighting
 + Level 3.6 Short Blades
 - Level 2.1 Throwing
 + Level 2.5 Dodging
 + Level 5.9 Stealth


You had 3 spell levels left.
You didn't know any spells.
Your spell library was empty.

Dungeon Overview and Level Annotations

Branches:
Dungeon (4/15)              Sewer (1/1)
 Temple: D:4-7

Altars:


Innate Abilities, Weirdness & Mutations

You are small and have problems with some larger weapons.
You are completely attuned to the shadows.


Message History

You feel better. The adder closely misses you. x2
You hit the adder.
The adder is moderately wounded.
The adder closely misses you. The adder misses you.
You barely miss the adder.
The adder is moderately wounded.
The adder bites you.
You are poisoned.
The adder poisons you! The adder bites you.
You miss the adder.
The adder is moderately wounded.
You feel sick. The adder bites you. The adder misses you.
You barely miss the adder.
The adder is moderately wounded.
You feel sick. The adder bites you.
* * * LOW HITPOINT WARNING * * *
The adder barely misses you. The adder bites you.
* * * LOW HITPOINT WARNING * * *
You closely miss the adder.
The adder is moderately wounded.
* * * LOW HITPOINT WARNING * * *
You feel sick. The adder closely misses you. The adder barely misses you.
You miss the adder.
The adder is moderately wounded.
The adder bites you but does no damage. The adder barely misses you.
Okay, then.
Blink to where?
Press: ? - help, Dir - move target Why would you want to do that?
Blink to where?
Press: ? - help, Dir - move target
As you read the scroll labelled VILLES COARAOP, it crumbles to dust.
It was a scroll of blinking.
* * * LOW HITPOINT WARNING * * *
You feel sick. The adder closely misses you. The adder barely misses you.
You closely miss the adder.
The adder is moderately wounded.
* * * LOW HITPOINT WARNING * * *
You feel sick. The adder bites you.
You die...

≈≈≈..### ≈≈≈≈.#.###
≈≈≈≈≈~~..#
≈≈≈≈≈~~###
≈≈≈≈≈≈≈..## ##.
≈≈≈≈≈≈≈≈≈~# #.~≈
≈≈≈≈≈≈≈≈.######..≈≈
≈≈≈≈≈≈≈≈~#.S#.≈≈≈≈
≈≈≈≈≈≈≈≈~@S~≈≈≈≈≈
≈≈≈≈≈≈≈≈≈≈≈≈≈≈≈
≈≈≈≈≈≈≈≈≈≈≈≈≈S≈
≈≈≈≈≈≈≈≈≈≈≈≈≈≈
≈≈≈≈≈≈≈≈≈≈≈≈


You could see 2 adders.

Vanquished Creatures
  2 river rats (D:4)
  7 ball pythons
  2 endoplasms (D:1)
  A giant cockroach (D:1)
  4 goblins (D:1)
  8 hobgoblins (D:1)
  3 jackals (D:1)
  A quokka (D:1)
  A bat (D:1)
  5 frilled lizards
  3 kobolds (D:1)
  6 rats
43 creatures vanquished.

Notes
Turn   | Place    | Note
-------+----------+-------------------------------------------
     0 | D:1      | cforsyth the Kobold Brigand began the quest for the Orb.
     0 | D:1      | Reached XP level 1. HP: 12/12 MP: 1/1
   149 | D:1      | Reached XP level 2. HP: 18/18 MP: 2/2
   286 | D:1      | Reached XP level 3. HP: 22/22 MP: 3/3
   789 | D:2      | You fall into a shaft and drop 2 floors!
   858 | D:4      | Reached XP level 4. HP: 8/27 MP: 4/4
   971 | D:4      | Found a glowing drain.
   982 | Sewer    | Entered a sewer
  1386 | Sewer    | Slain by an adder

Illustrated notes

Levels and vault maps discovered:
D:1:      saegor_arrival_simple_e, layout_rooms, minmay_split_cup_large
D:2:      layout_basic, kennysheep_minor_cross
D:4:      layout_rooms, jmf_multi_god_temple2, portal_sewer_entry_e,
          fountainhead, nicolae_half_adder
Sewer:    sewer_co_pargi_island

Skill      XL: |  1  2  3  4 |
---------------+-------------+-----
Short Blades   | 3 |  3.6
Dodging        | 2 |  2.5
Fighting       | 3 |  3.0
Throwing       | |  2.1
Stealth        | |  5.9

Action                     |  1- 3 |  4- 6 || total
---------------------------+-------+-------++-------
  Melee: Dagger            |    89 |    45 ||   134
    Use: Scroll            |     5 |     1 ||     6
         Potion            |     4 |     2 ||     6
   Stab: Sleeping          |    15 |     1 ||    16
 Armour: Robe              |    14 |     6 ||    20
  Dodge: Dodged            |    55 |    42 ||    97

Table legend: (Time is in decaauts)
 A = Elapsed time spent in this place.
 B = Non-inter-level travel time spent in this place.
 C = Inter-level travel time spent in this place.
 D = Time resting spent in this place.
 E = Time spent auto-exploring this place.
 F = Levels seen in this place.
 G = Mean time per level.
                   A        B        C        D        E       F      G
               +--------+--------+--------+--------+--------+-----+--------+
         Total |   1376 |   1345 |     31 |    415 |    625 |   4 |  344.0 |
       Dungeon |    964 |    933 |     31 |    115 |    601 |   3 |  321.3 |
         Sewer |    411 |    411 |      0 |    300 |     24 |   1 |  411.0 |
               +--------+--------+--------+--------+--------+-----+--------+

Top non-repeatable levels by time:
     D:1: 670 daAuts
   Sewer: 411 daAuts
     D:4: 186 daAuts
     D:2: 107 daAuts
